 Dungeon Crawl Stone Soup version 0.23.2-33-g5129a83184 (webtiles) character file.

Game seed: 18203900149277956429

45546 DildoBatman the Fighter (level 14, -8/104 (109) HPs)
             Began as a Formicid Wizard on July 18, 2019.
             Was an Initiate of Gozag.
             Shot with a bolt by a yaktaur (21 damage)
             ... on level 14 of the Dungeon on July 19, 2019.
             The game lasted 01:16:30 (16593 turns).

DildoBatman the Fighter (Formicid Wizard)          Turns: 16593, Time: 01:16:31

HP:   -8/104 (109)  AC: 13    Str: 14    XL:     14   Next: 71%
MP:   3/32          EV: 15    Int: 21    God:    Gozag
Gold: 2832          SH: 14    Dex:  9    Spells: 3/25 levels left

rFire    . . .     SeeInvis +   a - +2 long sword (venom)
rCold    . . .     Gourm    .   X - +4 shield of Unreason {rN+ MP+9}
rNeg     + . .     Faith    .   o - +1 troll leather armour
rPois    +         Spirit   .   (helmet unavailable)
rElec    .         Reflect  .   B - +0 cloak
rCorr    .         Harm     .   (no gloves)
MR       +....                  (no boots)
Stlth    +++.......             r - amulet of regeneration
HPRegen  1.07/turn              i - +5 ring of protection
MPRegen  0.23/turn              H - ring of poison resistance

@: gold aura
A: permanent stasis, dig shafts and tunnels, four strong arms, antennae 3
a: Dig, Shaft Self, Potion Petition, Call Merchant, Bribe Branch, Renounce
Religion


You were on level 14 of the Dungeon.
You worshipped Gozag.
Gozag was most pleased with you.
You were not hungry.

You visited 3 branches of the dungeon, and saw 17 of its levels.
You also visited: Ossuary.

You collected 3277 gold pieces.
You paid 445 gold pieces to Gozag.

Inventory:

Hand Weapons
 a - a +2 long sword of venom (weapon)
 b - a +2 spear of piercing
 c - a +3 longbow of flaming
Missiles
 e - 162 bolts
 l - 424 arrows
 s - 4 javelins of penetration (quivered)
 w - 33 sling bullets
Armour
 o - a +1 troll leather armour (worn)
 B - a +0 cloak (worn)
 X - the +4 shield of Unreason (worn) {rN+ MP+9}
   (You found it on level 8 of the Dungeon)

   It protects you from negative energy.
   It affects your magic capacity (+9).
Magical Staves
 E - an uncursed staff of energy
Jewellery
 i - a +5 ring of protection (left hand)
 j - an uncursed ring of protection from magic
 n - a +5 amulet of reflection
 r - an amulet of regeneration (around neck)
 H - a ring of poison resistance (right hand)
 J - an uncursed ring of protection from magic
 M - an uncursed amulet of magic regeneration {unknown}
 S - an uncursed ring of positive energy {unknown}
Wands
 y - a wand of paralysis (6)
 A - a wand of disintegration (11)
Scrolls
 d - 4 scrolls of amnesia
 g - 4 scrolls of summoning {unknown}
 k - 3 scrolls of fog {unknown}
 p - 6 scrolls of immolation
 x - 9 scrolls of remove curse
 z - 2 scrolls of identify
 D - 2 scrolls of fear
 I - 2 scrolls of enchant weapon {unknown}
 K - a scroll of torment {unknown}
 N - 4 scrolls of magic mapping {unknown}
 O - a scroll of blinking {unknown}
 Q - a scroll of noise {unknown}
 R - a scroll of holy word {unknown}
 U - a scroll of acquirement {unknown}
Potions
 f - a potion of might
 h - 4 potions of magic
 m - 7 potions of curing
 q - 5 potions of brilliance
 t - 5 potions of flight
 u - a potion of mutation {unknown}
 F - a potion of agility
 G - 2 potions of heal wounds
 L - 2 potions of ambrosia {unknown}
 P - a potion of resistance
Miscellaneous
 C - a box of beasts
Comestibles
 v - a ration


   Skills:
 * Level 9.9 Fighting
   Level 2.0 Maces & Flails
 * Level 9.6 Armour
 * Level 7.6 Dodging
 - Level 6.1 Stealth
 - Level 9.0 Shields
 * Level 6.4 Spellcasting
 - Level 6.0 Conjurations
 * Level 4.1 Charms
   Level 1.0 Summonings
 - Level 8.0 Necromancy
   Level 0.8 Translocations
 - Level 4.1 Fire Magic
 - Level 4.1 Air Magic
 - Level 8.0 Earth Magic
 - Level 8.1 Poison Magic
 - Level 6.0 Evocations


You had 3 spell levels left.
You knew the following spells:

 Your Spells              Type           Power        Failure   Level  Hunger
a - Conjure Flame         Conj/Fire      ####....     4%          3    #......
b - Borgnjor's Vile Clut  Necr/Erth      #####.....   12%         5    #####..
c - Magic Dart            Conj           ####         1%          1    None
d - Regeneration          Chrm/Necr      ####......   2%          3    #......
e - Mephitic Cloud        Conj/Pois/Air  ####....     2%          3    #......
h - Dispel Undead         Necr           #####...     12%         5    #####..
z - Sublimation of Blood  Necr           #####.....   1%          2    None

Your spell library contained the following spells:

 Spells                   Type           Power        Failure   Level  Hunger
 Animate Skeleton         Necr           N/A          1%          1    None
 Flame Tongue             Conj/Fire      ####.        1%          1    None
 Infusion                 Chrm           ###.         1%          1    None
 Pain                     Necr           ####         1%          1    None
 Vampiric Draining        Necr           #####.....   1%          3    #......
 Throw Flame              Conj/Fire      ####..       2%          2    None
 Confusing Touch          Hex            #.....       11%         1    None
 Call Imp                 Summ           ##......     11%         2    None
 Inner Flame              Hex/Fire       ###.....     14%         3    #......
 Slow                     Hex            #.......     17%         2    None
 Gell's Gravitas          Tloc           ##........   24%         3    #......
 Confuse                  Hex            #.......     32%         3    #......
 Animate Dead             Necr           N/A          4%          4    ###....
 Sticky Flame             Conj/Fire      ####....     14%         4    ###....
 Petrify                  Tmut/Erth      ###.....     22%         4    ###....
 Excruciating Wounds      Chrm/Necr      ####......   26%         5    #####..
 Fireball                 Conj/Fire      ####......   36%         5    #####..
 Death Channel            Necr           #####.....   54%         6    ######.
 Metabolic Englaciation   Hex/Ice        #.........   97%         5    #####..
 Yara's Violent Unravell  Hex/Tmut       #.........   97%         5    #####..
 Haunt                    Necr/Summ      ####......   100%        7    #######
 Borgnjor's Revivificati  Necr           #####.....   100%        8    #######
 Death's Door             Chrm/Necr      ####......   100%        8    #######
 Infestation              Necr           #####.....   100%        8    #######
 Necromutation            Tmut/Necr      ###.......   100%        8    #######
 Blink                    Tloc           Unusable     N/A         2    N/A

Dungeon Overview and Level Annotations

Branches:
Dungeon (14/15)            Temple (1/1) D:4            Lair (0/6) D:8
    Orc (2/2) D:11            Elf (0/3) Orc:2
 Vaults: D:13-14

Altars:
Ashenzari
Cheibriados
Dithmenos
Elyvilon
Fedhas
Gozag
Hepliaklqana
Kikubaaqudgha
Makhleb
Nemelex Xobeh
Okawaru
Qazlal
Ru
Sif Muna
Trog
Uskayaw
Vehumet
Wu Jian
Xom
Yredelemnul
Zin
The Shining One
Beogh

Shops:
D:7 :   D:10 *   Orc:1 [   Orc:2 (:::

Annotations:
D:12 2 transporters, NeAGen181's ghost, journeyman HOFi


Innate Abilities, Weirdness & Mutations

You cannot be hasted, slowed, berserked, paralysed or teleported.
You can dig through walls and to a lower floor.
Your four strong arms can wield two-handed weapons with a shield.
You have a pair of large antennae on your head. (SInv)


Message History

Confirm with . or Enter, or press ? or * to list all spells.
Aiming: Mephitic Cloud (safe; 2% risk of failure)
Press: ? - help, Shift-Dir - straight line, f - deep elf knight, p - yaktaur
Aim: a deep elf knight, wielding a +0 short sword (fast)
The ball explodes into a vile cloud!
The stinking cloud engulfs the deep elf knight but does no damage.
You hear a shout!
The deep elf knight is engulfed in noxious fumes.
The deep elf knight casts a spell at you.
The orb of energy hits you!
The deep elf knight is engulfed in noxious fumes.
The deep elf knight appears confused.
The deep elf knight is engulfed in noxious fumes.
The deep elf knight appears confused.
The yaktaur is engulfed in noxious fumes.
The yaktaur wields a +0 arbalest.
The yaktaur shoots a bolt.
The bolt hits you!!
You die...
Your body crumbles into a pile of gold.

+.......#... #.# #.......#... #.#
#.......#... #.# #.......#...
#.#####.......#... ##
#.............#... .....
#.............#### .....
#...............^.
.....#####+###@................
...........................)...
........./e☼.............>.....
#...........○§...................
+.%........c○..$.##+########'###.
#..###.'#'#####$.#.............#.
#.............#..##.........####.
.≈≈≈≈....{≈≈≈≈....'.........# ...
≈≈≈≈≈≈...$≈≈≈≈≈...#.........#....


You could see a deep elf knight (confused) and a yaktaur.

Vanquished Creatures
  Agnes (D:14)
  Nessos (D:12)
  Snorg (D:13)
  A vault guard (D:14)
  2 hydras
  An ogre mage (D:14)
  3 two-headed ogres
  3 centaur warriors
  A tengu warrior (D:13)
  An orc high priest (Orc:2)
  Urug (D:10)
  3 skeletal warriors (D:12)
  An unseen horror (D:12)
  An orc knight (D:11)
  A necromancer (D:12)
  A wolf spider zombie (D:14)
  5 ugly things
  6 orc sorcerers
  3 cyclopes
  2 manticores (D:13)
  3 gargoyles (D:14)
  3 kobold demonologists
  5 trolls
  2 hydra zombies (D:13)
  3 tengu conjurers (D:14)
  A queen bee (D:8)
  Grinder (D:4)
  A harpy skeleton (D:12)
  6 hippogriffs
  Sigmund (D:4)
  A centaur simulacrum (D:12)
  A redback (shapeshifter) (D:12)
  3 shadows
  Eustachio (D:4)
  A wyvern (D:13)
  17 yaks
  A basilisk (D:13)
  2 hungry ghosts
  A steam dragon (D:10)
  2 wargs (Orc:1)
  4 vampire mosquitoes (D:13)
  3 acid dragons
  2 water moccasins
  25 orc warriors
  3 sky beasts
  A hornet zombie (D:7)
  An ice beast (D:6)
  2 necrophages
  10 ogres
  2 black bears
  3 phantoms
  16 centaurs
  A crocodile (D:12)
  5 big kobolds
  Blork the orc (D:4)
  A hippogriff zombie (D:12)
  3 gnoll sergeants
  2 wyvern zombies
  11 bullfrogs
  A cyclops zombie (D:12)
  10 scorpions
  A water moccasin skeleton (D:11)
  A warg zombie (Orc:2)
  26 killer bees
  A troll zombie (Orc:2)
  8 wights
  4 howler monkeys
  10 crimson imps
  3 bullfrog zombies
  12 hounds
  A quasit (D:7)
  5 centaur zombies
  32 orc priests
  A jelly (D:8)
  36 orc wizards
  Crazy Yiuf (D:4)
  5 centaur skeletons
  Jessica (D:3)
  Ijyb (D:4)
  5 iguanas
  11 worker ants
  Natasha (thrice) (D:2)
  An ogre zombie (Orc:2)
  2 hound zombies
  2 hound skeletons
  8 mummies (Ossuary)
  A howler monkey zombie (D:6)
  2 worker ant zombies
  14 gnolls
  A scorpion zombie (D:13)
  6 adders
  2 orc skeletons (Orc:1)
  6 shadow imps
  2 oozes (D:4)
  2 adder zombies
  A worm (D:4)
  5 dart slugs (D:1)
  4 leopard geckos
  89 orcs
  2 ball pythons
  4 giant cockroaches
  A goblin (shapeshifter) (D:9)
  10 goblins
  7 hobgoblins
  2 jackals (D:3)
  9 kobolds
  6 quokkas
  8 bats
  A frilled lizard (shapeshifter) (D:9)
  3 frilled lizards
  A goblin zombie (D:12)
  4 hobgoblin zombies (Ossuary)
  A jackal skeleton (D:4)
  A jackal zombie (D:8)
  3 kobold zombies (Ossuary)
  2 leopard gecko skeletons
  A leopard gecko zombie (D:13)
  8 orc zombies
  2 quokka skeletons
  5 quokka zombies
  8 rats
607 creatures vanquished.

Vanquished Creatures (collateral kills)
  2 killer bees
  An orc (D:8)
3 creatures vanquished.

Vanquished Creatures (others)
  Donald (Orc:2)
  A wizard (D:8)
  A killer bee (D:8)
  A gnoll (D:6)
  3 orcs
  A kobold (D:9)
  6 fungi (D:8)
  3 plants (D:8)
17 creatures vanquished.

Grand Total: 627 creatures vanquished

Notes
Turn   | Place    | Note
-------+----------+-------------------------------------------
     0 | D:1      | DildoBatman the Formicid Wizard began the quest for the
                  | Orb.
     0 | D:1      | Reached XP level 1. HP: 13/13 MP: 4/4
    37 | D:1      | Reached skill level 1 in Conjurations
   177 | D:1      | Reached XP level 2. HP: 16/19 MP: 0/6
   591 | D:1      | Reached XP level 3. HP: 20/24 MP: 3/7
   596 | D:1      | Learned a level 3 spell: Conjure Flame
   600 | D:1      | Learned a level 3 spell: Mephitic Cloud
  1135 | D:1      | Reached XP level 4. HP: 30/30 MP: 2/8
  1890 | D:3      | Noticed Natasha
  1963 | D:3      | Noticed Jessica
  2364 | D:3      | Found a faded altar of an unknown god.
  2588 | D:3      | Found a shimmering altar of Xom.
  2658 | D:3      | Found a sparkling altar of Nemelex Xobeh.
  2965 | D:4      | Noticed Ijyb
  2965 | D:4      | Noticed a bullfrog
  2996 | D:4      | Found a staircase to the Ecumenical Temple.
  2996 | D:4      | Noticed Grinder
  2996 | D:4      | Noticed Blork the orc
  3001 | D:4      | Noticed Sigmund
  3020 | D:4      | Killed Blork the orc
  3020 | D:4      | Reached XP level 5. HP: 8/35 MP: 1/9
  3033 | D:4      | Killed Grinder
  3033 | D:4      | Reached skill level 5 in Conjurations
  3033 | D:4      | Reached XP level 6. HP: 13/41 MP: 2/10
  3100 | Temple   | Entered the Ecumenical Temple
  3209 | Temple   | Became a worshipper of Kikubaaqudgha
  3294 | D:4      | Killed Sigmund
  3294 | D:4      | Reached skill level 1 in Fire Magic
  3294 | D:4      | Reached skill level 1 in Air Magic
  3294 | D:4      | Reached XP level 7. HP: 41/46 MP: 4/11
  3548 | D:4      | Reached XP level 8. HP: 15/52 MP: 3/12
  3799 | D:4      | Noticed Eustachio
  3823 | D:4      | Killed Eustachio
  3906 | D:4      | Killed Ijyb
  3999 | D:4      | Found a runed translucent door.
  4000 | D:4      | Noticed Crazy Yiuf
  4055 | D:4      | Killed Crazy Yiuf
  4256 | D:3      | Killed Jessica
  4327 | D:2      | Killed Natasha
  4544 | D:2      | Noticed Natasha
  4550 | D:2      | Killed Natasha
  4607 | D:2      | Noticed Natasha
  4611 | D:2      | Killed Natasha
  4687 | D:5      | Entered Level 5 of the Dungeon
  4698 | D:5      | Reached skill level 5 in Poison Magic
  4764 | D:5      | Reached * piety under Kikubaaqudgha
  4764 | D:5      | Identified Kikubaaqudgha's Grimoire of Sinister Rites
                  | (Kikubaaqudgha gifted it to you on level 5 of the Dungeon)
  4764 | D:5      | Received a gift from Kikubaaqudgha
  4769 | D:5      | Learned a level 2 spell: Sublimation of Blood
  4830 | D:5      | Found a blossoming altar of Fedhas.
  4917 | D:5      | Reached XP level 9. HP: 53/57 MP: 13/13
  5041 | D:5      | Got a faintly glowing chain mail
  5052 | D:5      | Identified the +0 chain mail "Erey" {rElec Int+8 Dex-2}
                  | (You found it on level 5 of the Dungeon)
  5312 | D:5      | Found a shattered altar of Ashenzari.
  5312 | D:5      | Found a white marble altar of Elyvilon.
  5321 | D:5      | Found a faded altar of an unknown god.
  5323 | D:5      | Found an opulent altar of Gozag.
  5325 | D:5      | Found a faded altar of an unknown god.
  5698 | D:6      | Reached ** piety under Kikubaaqudgha
  5707 | D:6      | Reached skill level 1 in Armour
  5723 | D:6      | Reached skill level 1 in Fighting
  5782 | D:6      | Reached skill level 1 in Evocations
  5793 | D:6      | Found a sand-covered staircase.
  5800 | Ossuary  | Entered an ossuary
  5847 | Ossuary  | Reached skill level 1 in Maces & Flails
  6680 | D:7      | Reached XP level 10. HP: 35/67 MP: 15/15
  6961 | D:7      | Reached *** piety under Kikubaaqudgha
  6961 | D:7      | Identified Kikubaaqudgha's Volume of Dark Arts
                  | (Kikubaaqudgha gifted it to you on level 7 of the Dungeon)
  6961 | D:7      | Received a gift from Kikubaaqudgha
  7007 | D:7      | Found Vubarups's Book Shoppe.
  7108 | D:7      | Learned a level 5 spell: Dispel Undead
  7567 | D:7      | Found an iron altar of Okawaru.
  7826 | D:8      | Reached skill level 5 in Shields
  7826 | D:8      | Reached skill level 1 in Necromancy
  8027 | D:8      | Found a bloodstained altar of Trog.
  8028 | D:8      | Noticed a wizard
  8034 | D:8      | Killed a wizard
  8167 | D:8      | Found a staircase to the Lair.
  8201 | D:8      | Reached XP level 11. HP: 48/75 MP: 1/17
  8213 | D:8      | Reached **** piety under Kikubaaqudgha
  8229 | D:8      | Got a slimy shield
  8453 | D:8      | Identified the +4 shield of Unreason {rN+ MP+9} (You found
                  | it on level 8 of the Dungeon)
  8666 | D:9      | Got a blackened halberd
  8667 | D:9      | Identified the +3 halberd "Spiderslayer" {antimagic, Str-3
                  | Int+4 Dex+7} (You found it on level 9 of the Dungeon)
  8683 | D:9      | Found a shimmering altar of Xom.
  8684 | D:9      | Found a shimmering altar of Xom.
  8685 | D:9      | Found a shimmering altar of Xom.
  8685 | D:9      | Found a shimmering altar of Xom.
  8685 | D:9      | Found a shimmering altar of Xom.
  8764 | D:9      | Reached skill level 5 in Stealth
  8823 | D:9      | Found a shimmering altar of Xom.
  8957 | D:9      | Reached skill level 5 in Spellcasting
  9673 | D:9      | Learned a level 5 spell: Borgnjor's Vile Clutch
  9674 | D:10     | Entered Level 10 of the Dungeon
  9776 | D:10     | Reached ***** piety under Kikubaaqudgha
  9915 | D:10     | Found Emudee's General Store.
 10043 | D:10     | Noticed Urug
 10209 | D:10     | Killed Urug
 10382 | D:10     | Reached skill level 5 in Evocations
 10388 | D:10     | Reached skill level 5 in Armour
 10413 | D:10     | Reached skill level 5 in Fighting
 10708 | D:11     | Found an opulent altar of Gozag.
 10761 | D:11     | Noticed a purple ugly thing
 10766 | D:11     | Noticed a two-headed ogre
 10775 | D:11     | Killed a cyan ugly thing
 10775 | D:11     | Reached skill level 5 in Necromancy
 10775 | D:11     | Reached XP level 12. HP: 86/86 MP: 19/19
 10784 | D:11     | Killed a two-headed ogre
 10919 | D:11     | Found a roughly hewn altar of Beogh.
 10943 | D:11     | Found a staircase to the Orcish Mines.
 11558 | Orc:1    | Entered Level 1 of the Orcish Mines
 11681 | Orc:1    | Reached skill level 1 in Earth Magic
 11717 | Orc:1    | Found a roughly hewn altar of Beogh.
 11799 | Orc:1    | Found Lifat's Armour Shop.
 11860 | Orc:1    | Reached ****** piety under Kikubaaqudgha
 11902 | D:11     | Received a gift from Kikubaaqudgha
 11903 | D:11     | Fell from the grace of Kikubaaqudgha
 11949 | D:11     | Became a worshipper of Gozag Ym Sagoz the Greedy
 12325 | Orc:1    | Noticed a soul eater
 12422 | Orc:2    | Entered Level 2 of the Orcish Mines
 12422 | Orc:2    | Noticed Donald
 12463 | Orc:2    | Found a staircase to the Elven Halls.
 12851 | Orc:2    | Noticed a reaper
 12971 | Orc:2    | Killed Donald
 12971 | Orc:2    | Reached XP level 13. HP: 22/94 MP: 20/22
 13699 | Orc:2    | Reached skill level 5 in Dodging
 13699 | Orc:2    | Reached skill level 5 in Earth Magic
 13772 | Orc:2    | Found Bedi's Book Shop.
 13772 | Orc:2    | Found Wow Efit's Weapon Shop.
 13773 | Orc:2    | Found Fotifeg's Book Boutique.
 13776 | Orc:2    | Found Ygiawiz's Book Boutique.
 14092 | D:12     | Found an iron altar of Okawaru.
 14207 | D:12     | Noticed Nessos
 14245 | D:12     | Killed Nessos
 14441 | D:12     | Identified the +2 short sword "Puaju Eroa" {antimagic,
                  | rPois Dex+3 SInv}
 14442 | D:12     | Identified the +7 trident of Oggomaf {freeze, Str+3 Int+4
                  | Dex-3}
 14442 | D:12     | Noticed NeAGen181's ghost (journeyman HOFi)
 14445 | D:12     | Found a bloodstained altar of Trog.
 14460 | D:12     | Found a transporter.
 14462 | D:12     | Found a transporter.
 15245 | D:13     | Reached XP level 14. HP: 93/104 MP: 20/23
 15363 | D:13     | Identified the Guide on Augmentations and Necromancy
 15369 | D:13     | Learned a level 3 spell: Regeneration
 15480 | D:13     | Reached skill level 1 in Charms
 15806 | D:13     | Noticed Snorg
 15818 | D:13     | Killed Snorg
 16259 | D:14     | Noticed Agnes
 16277 | D:14     | Killed Agnes
 16593 | D:14     | Shot with a bolt by a yaktaur

Skill      XL: |  1  2  3  4  5  6  7  8  9 10 11 12 13 14 |
---------------+-------------------------------------------+-----
Conjurations   | 1 2 3 4 5 6 |  6.0
Fire Magic     | 1 2 4 |  4.1
Air Magic      | 1 2 3 4 |  4.1
Poison Magic   | 2 3 5 8 |  8.1
Shields        | 3 4 7 9 |  9.0
Dodging        | 2 3 4 6 7 |  7.6
Armour         | 1 3 5 6 8 9 |  9.6
Fighting       | 1 3 5 6 8 9 |  9.9
Stealth        | 3 4 6 |  6.1
Evocations     | 1 3 6 |  6.0
Maces & Flails | 1 2 |  2.0
Spellcasting   | 4 5 6 |  6.4
Necromancy     | 1 5 8 |  8.0
Earth Magic    | 3 7 8 |  8.0
Charms         | 4 |  4.1
Summonings     | |  1.0
Translocations | |  0.8

Action                   |  1- 3 |  4- 6 |  7- 9 | 10-12 | 13-15 || total
-------------------------+-------+-------+-------+-------+-------++-------
Melee: Club              |     2 |       |       |       |       ||     2
       Whip              |     3 |    25 |       |       |       ||    28
       Halberd           |       |     5 |    16 |       |       ||    21
       Flail             |       |    10 |   258 |   843 |   190 ||  1301
       Mace              |       |       |    46 |       |       ||    46
       Spear             |       |       |    24 |    30 |    16 ||    70
       Long sword        |       |       |       |       |   343 ||   343
 Cast: Magic Dart        |    71 |    52 |   111 |    90 |    16 ||   340
       Mephitic Cloud    |     1 |     3 |    25 |   100 |    53 ||   182
       Conjure Flame     |       |       |    14 |    42 |    27 ||    83
       Sublimation of Bl |       |       |       |     2 |       ||     2
       Dispel Undead     |       |       |       |       |    13 ||    13
       Borgnjor's Vile C |       |       |       |       |    26 ||    26
Invok: Receive Necronomi |       |       |       |     1 |       ||     1
       Renounce Religion |       |       |       |     1 |       ||     1
 Abil: Dig               |     1 |     5 |    15 |    27 |    14 ||    62
Evoke: Wand              |       |       |       |     1 |     7 ||     8
  Use: Potion            |       |     5 |       |     6 |       ||    11
       Scroll            |       |     5 |     2 |     5 |     1 ||    13
 Stab: Sleeping          |     1 |       |     1 |     4 |     4 ||    10
       Confused          |       |       |     6 |    34 |    25 ||    65
       Distracted        |       |       |       |     2 |     3 ||     5
       Paralysed         |       |       |       |       |    11 ||    11
  Eat: Chunk             |     1 |     5 |    15 |    27 |       ||    48
       Ration            |       |     1 |       |     3 |    10 ||    14
Armor: Robe              |     3 |     4 |    94 |    79 |       ||   180
       Skin              |       |    11 |       |       |       ||    11
       Troll leather arm |       |       |       |    94 |   139 ||   233
Dodge: Dodged            |    11 |    36 |   155 |   385 |   250 ||   837
Block: Other             |       |     2 |     8 |       |       ||    10
       Buckler           |       |       |   116 |    94 |       ||   210
       Reflection        |       |       |     5 |     5 |       ||    10
       Shield            |       |       |       |   574 |   440 ||  1014
       Rpst.: Long sword |       |       |       |       |    44 ||    44
